 Dungeon Crawl Stone Soup version 0.21-a0-518-g43a1781 (webtiles) character file.

4172 4thArraOfDagon the Cleaver (level 10, -6/86 HPs)
             Began as a Minotaur Abyssal Knight on Dec 4, 2017.
             Was an Elder of Lugonu.
             Mangled by an orc warrior
             ... wielding a +0 halberd
              (13 damage)
             ... on level 9 of the Dungeon.
             The game lasted 00:11:42 (2700 turns).

4thArraOfDagon the Cleaver (MiAK)                   Turns: 2700, Time: 00:11:43

Health: -6/86      AC:  9    Str: 19    XL:     10   Next: 7%
Magic:  4/14       EV:  8    Int: 12    God:    Lugonu [****..]
Gold:   364        SH:  0    Dex: 10    Spells: 9/9 levels left

rFire    . . .     SeeInvis .   l - +3 battleaxe
rCold    . . .     Gourm    .   (shield currently unavailable)
rNeg     . . .     Faith    .   v - +0 chain mail
rPois    .         Spirit   .   (helmet restricted)
rElec    .         Reflect  .   A - scarf {repulsion}
rCorr    +         Harm     .   (no gloves)
MR       .....                  (no boots)
Stlth    ..........             t - amulet of rage
HPRegen  0.24/turn              p - ring of resist corrosion
MPRegen  0.14/turn              s - +2 ring of strength

@: repel missiles
A: retaliatory headbutt, horns 2
a: Depart the Abyss, Bend Space, Banish, Corrupt, Renounce Religion, Evoke
Berserk Rage


You were on level 9 of the Dungeon.
You worshipped Lugonu.
Lugonu was greatly pleased with you.
You were very hungry.

You visited 1 branch of the dungeon, and saw 9 of its levels.
You visited the Abyss 1 time.
You also visited: Sewer.

You collected 364 gold pieces.

Inventory:

Hand Weapons
 a - a +2 hand axe
 e - a +0 whip of holy wrath
 l - a +3 battleaxe (weapon)
 E - a +2 hand axe of flaming
Armour
 b - a +0 leather armour
 g - a +1 robe of cold resistance
 m - a +0 ring mail
 n - a +0 cloak
 v - a +0 chain mail (worn)
 A - a scarf of repulsion (worn)
 F - a +2 robe of magic resistance
Jewellery
 p - a ring of resist corrosion (left hand)
 q - an uncursed ring of wizardry
 s - a +2 ring of strength (right hand)
 t - an amulet of rage (around neck)
 I - a +3 amulet of reflection
Wands
 C - a wand of disintegration (18)
Scrolls
 d - a scroll of random uselessness {unknown}
 k - 3 scrolls of remove curse {unknown}
 u - 2 scrolls of enchant armour {unknown}
 w - 3 scrolls of blinking {unknown}
 x - a scroll of noise {unknown}
 y - 3 scrolls of teleportation
 D - 5 scrolls of enchant weapon
Potions
 h - 2 potions of might
 i - a potion of lignification
 j - 2 potions of invisibility
 o - 4 potions of flight
 r - 2 potions of agility
 z - a potion of ambrosia
 B - 3 potions of brilliance
 G - a potion of berserk rage
 H - a potion of heal wounds
Comestibles
 c - 2 bread rations
 f - 4 meat rations


   Skills:
 - Level 7.2 Fighting
 * Level 11.2 Axes
 - Level 3.1 Armour
 - Level 3.4 Dodging
 + Level 6.7 Invocations
 - Level 6.0 Evocations


You had 9 spell levels left.
You didn't know any spells.

Dungeon Overview and Level Annotations

Branches:
Dungeon (9/15)
 Temple: D:4-7         Lair: D:8-11         Orc: D:9-12

Altars:
Gozag

Shops:
D:9 =

Annotations:
D:8 Psyche


Innate Abilities, Weirdness & Mutations

You reflexively headbutt those who attack you in melee.
You have a pair of horns on your head.


Message History

The orc warrior barely resists.
You feel somewhat more hungry. The orc warrior barely misses you.
You don't have enough magic at the moment.
Unknown command.
You don't have enough magic at the moment.
Unknown command.
Unknown command.
An orc priest comes into view. It is wielding a club.
You see here 19 bolts.
Press: ? - help, Shift-Dir - straight line, f/p - orc warrior
Aim: an orc warrior, wielding a halberd and wearing a chain mail (chance to defeat MR: 84%)
You fail to use your ability.
The orc priest begins to cast a cantrip, but forgets the words!
The orc warrior hits you from afar with a halberd!
* * * LOW HITPOINT WARNING * * *
Press: ? - help, Shift-Dir - straight line, f/p - orc warrior
Aim: an orc warrior, wielding a halberd and wearing a chain mail (chance to defeat MR: 84%)
You fail to use your ability.
The orc warrior hits you from afar with a halberd!
You die...

##### #...#
########...#
#......#...#
#......#..@###
#........[...#
#......#..o.###
####'###..o..<#
###.###..)####
####.......#.>...#
#......###[##.......
#..........# ###....
#.......#### ...


You could see an orc warrior and an orc priest.

Vanquished Creatures
  A troll (D:9)
  A hippogriff (D:7)
  Prince Ribbit (D:6)
  Sigmund (D:5)
  Eustachio (D:5)
  Duvessa (D:6)
  A phantom (D:8)
  2 necrophages (D:7)
  2 centaurs
  A crocodile (Sewer)
  3 big kobolds
  4 bullfrogs
  Dowan (D:6)
  A scorpion (D:5)
  The ghost of 4thArraOfDagon the Skirmisher, a weakling MiAK of Lugonu (D:4)
  8 wights
  2 howler monkeys (D:8)
  An electric eel (D:6)
  2 crimson imps
  5 hounds
  2 centaur zombies
  4 jellies
  An orc priest (D:3)
  A bullfrog skeleton (D:5)
  2 orc wizards
  2 iguanas
  2 worker ants
  A hound zombie (D:5)
  4 gnolls (D:5)
  6 adders
  4 shadow imps
  2 oozes
  An adder zombie (D:7)
  A worm (D:4)
  2 dart slugs
  A leopard gecko (D:6)
  16 orcs
  8 giant cockroaches
  4 goblins
  5 hobgoblins
  6 jackals
  18 kobolds
  2 quokkas (D:5)
  3 bats
  A frilled lizard (D:3)
  A quokka skeleton (D:4)
  A quokka zombie (D:5)
  8 rats
149 creatures vanquished.

Vanquished Creatures (others)
  2 two-headed ogres
  4 toadstools (D:1)
6 creatures vanquished.

Grand Total: 155 creatures vanquished

Notes
Turn   | Place    | Note
-------+----------+-------------------------------------------
     0 | Abyss:1  | 4thArraOfDagon the Minotaur Abyssal Knight began the quest for the Orb.
     0 | Abyss:1  | Reached XP level 1. HP: 19/19 MP: 1/1
    74 | Abyss:1  | Noticed a hellwing
    83 | Abyss:1  | Noticed an ancient zyme
    86 | D:1      | Escaped the Abyss
   351 | D:2      | Reached XP level 2. HP: 23/27 MP: 2/2
   483 | D:2      | Reached * piety under Lugonu
   557 | D:3      | Reached skill level 3 in Axes
   609 | D:3      | Reached XP level 3. HP: 23/33 MP: 3/3
   627 | D:3      | Found an opulent altar of Gozag.
   675 | D:3      | Reached XP level 4. HP: 16/40 MP: 4/4
   713 | D:3      | Found a glowing drain.
   717 | Sewer    | Entered a sewer
   770 | Sewer    | Noticed a crocodile
   775 | Sewer    | Killed a crocodile
   775 | Sewer    | Reached skill level 4 in Axes
   775 | Sewer    | Reached skill level 1 in Evocations
   775 | Sewer    | Reached XP level 5. HP: 40/47 MP: 5/5
   920 | D:2      | Reached ** piety under Lugonu
  1122 | D:4      | Noticed 4thArraOfDagon's ghost (weakling MiAK)
  1132 | D:4      | Killed 4thArraOfDagon's ghost
  1132 | D:4      | Reached XP level 6. HP: 53/53 MP: 7/7
  1273 | D:4      | Reached skill level 5 in Axes
  1313 | D:5      | Entered Level 5 of the Dungeon
  1326 | D:5      | Noticed Eustachio
  1341 | D:5      | Killed Eustachio
  1343 | D:5      | Reached XP level 7. HP: 48/60 MP: 8/8
  1344 | D:5      | Reached skill level 5 in Fighting
  1353 | D:5      | Reached skill level 6 in Axes
  1528 | D:5      | Reached *** piety under Lugonu
  1548 | D:5      | Noticed Sigmund
  1562 | D:5      | Killed Sigmund
  1562 | D:5      | Reached XP level 8. HP: 37/69 MP: 9/9
  1684 | D:6      | Reached skill level 7 in Axes
  1815 | D:6      | Noticed Prince Ribbit
  1817 | D:6      | Killed Prince Ribbit
  1884 | D:6      | Reached skill level 8 in Axes
  1884 | D:6      | Reached skill level 5 in Evocations
  1902 | D:6      | Noticed Dowan
  1907 | D:6      | Noticed Duvessa
  1917 | D:6      | Killed Duvessa
  1921 | D:6      | Killed Dowan
  1921 | D:6      | Reached **** piety under Lugonu
  2033 | D:7      | Noticed a hippogriff
  2040 | D:7      | Killed a hippogriff
  2040 | D:7      | Reached XP level 9. HP: 32/78 MP: 10/12
  2102 | D:7      | Reached skill level 5 in Invocations
  2243 | D:8      | Reached skill level 9 in Axes
  2248 | D:8      | Noticed a two-headed ogre
  2252 | D:8      | Banished a two-headed ogre
  2319 | D:8      | Noticed Psyche
  2334 | D:8      | Paralysed by something for 3 turns
  2475 | D:8      | Reached skill level 10 in Axes
  2618 | D:9      | Found Vour's Jewellery Shop.
  2647 | D:9      | Noticed a troll
  2651 | D:9      | Killed a troll
  2664 | D:9      | Noticed a two-headed ogre
  2669 | D:9      | Banished a two-headed ogre
  2669 | D:9      | Reached skill level 11 in Axes
  2669 | D:9      | Reached XP level 10. HP: 63/86 MP: 8/13
  2700 | D:9      | Mangled by an orc warrior

Vault maps used:
D:1:      ldierk_walled_garden_2, kennysheep_small_spiral
D:2:      uniq_terence
D:3:      nicolae_gozag_seed_capital, gup_sewer_entry_bowl, first_bread
D:4:      serial_glass, glass_columns_b, glass_columns_a
D:5:      temple_green, uniq_eustachio, uniq_sigmund
D:6:      cheibrodos_thug_alley, fountainhead, minmay_item_behind_shaft,
          uniq_duvessa, uniq_prince_ribbit1, uniq_menkaure
D:7:      st_stairs_12, uniq_pikel
D:8:      uniq_psyche
D:9:      orc_david_3, serial_shops, nicolae_shop_waterfront
Sewer:    sewer_the_crocodile

Skill      XL: |  1  2  3  4  5  6  7  8  9 |
---------------+----------------------------+-----
Axes           | 3 4 5 6 8 11 | 11.2
Invocations    | 2 3 4 6 |  6.7
Fighting       | 4 5 6 7 |  7.2
Armour         | 3 |  3.1
Dodging        | 2 3 |  3.4
Evocations     | 1 2 3 5 6 |  6.0

Action                   |  1- 3 |  4- 6 |  7- 9 | 10-12 || total
-------------------------+-------+-------+-------+-------++-------
Melee: Hand axe          |    63 |    76 |     9 |       ||   148
       Headbutt          |     7 |     8 |    33 |     1 ||    49
       Battleaxe         |       |       |   209 |     5 ||   214
Invok: Depart the Abyss  |     1 |       |       |       ||     1
       Banish            |       |       |     2 |     2 ||     4
 Abil: Evoke Berserk Rag |       |     4 |       |       ||     4
Evoke: Wand              |       |       |    12 |     1 ||    13
  Use: Scroll            |     2 |       |     8 |       ||    10
       Potion            |     1 |       |     4 |       ||     5
  Eat: Royal jelly       |       |     2 |     1 |       ||     3
       Chunk             |       |     1 |     3 |       ||     4
Armor: Leather armour    |    12 |       |       |       ||    12
       Ring mail         |    14 |    18 |       |       ||    32
       Chain mail        |       |    23 |   145 |     3 ||   171
Dodge: Dodged            |    44 |    59 |   121 |     6 ||   230
       Deflected         |       |       |     4 |       ||     4

Table legend:
 A = Spawn XP
 B = Non-spawn XP
 C = Spawn XP percentage of total XP
 D = Spawn monster count
 E = Non-spawn monster count
 F = Spawn count percentage of total count
 G = Total turns spent on level
                    A         B        C        D         E        F      G
               +---------+---------+-------+---------+---------+-------+---------
         Total |       0 |    5961 |   0.0 |       0 |     151 |   0.0 |  2700
               +---------+---------+-------+---------+---------+-------+---------
           D:1 |       0 |      10 |   0.0 |       0 |       6 |   0.0 |   233
           D:2 |       0 |      37 |   0.0 |       0 |      14 |   0.0 |   314
           D:3 |       0 |      93 |   0.0 |       0 |      18 |   0.0 |   253
           D:4 |       0 |     228 |   0.0 |       0 |      14 |   0.0 |   306
           D:5 |       0 |    1086 |   0.0 |       0 |      29 |   0.0 |   349
           D:6 |       0 |    1081 |   0.0 |       0 |      26 |   0.0 |   349
           D:7 |       0 |     972 |   0.0 |       0 |      12 |   0.0 |   283
           D:8 |       0 |    1237 |   0.0 |       0 |      22 |   0.0 |   322
           D:9 |       0 |    1100 |   0.0 |       0 |       4 |   0.0 |    84
         Sewer |       0 |     117 |   0.0 |       0 |       6 |   0.0 |   121
               +---------+---------+-------+---------+---------+-------+---------
